 Dungeon Crawl Stone Soup version 0.31.0-11-ge490571c62 (webtiles) character file.

Game seed: 9505315908940749915

851 qw the Skirmisher (level 7, 0/40 HPs)
             Began as a Deep Elf Hunter on Feb 4, 2024.
             Succumbed to a kobold's poison
             ... on level 8 of the Dungeon.
             The game lasted 00:00:15 (3805 turns).

qw the Skirmisher (Deep Elf Hunter)                 Turns: 3805, Time: 00:00:16

Health: 0/40       AC:  8    Str:  6    XL:     7   Next: 69%
Magic:  10/18      EV: 11    Int: 14    God:
Gold:   203        SH:  0    Dex: 22    Spells: 6/6 levels left

rFire   . . .        a - +0 shortbow (heavy)
rCold   . . .        (shield currently unavailable)
rNeg    . . .        g - +0 ring mail
rPois   .            d - +1 hat of the Thinker {rCorr MP+9 Str-4 Dex+4}
rElec   .            (no cloak)
rCorr   +            (no gloves)
SInv    .            (no boots)
Will    .....        (no amulet)
Stlth   ++           (no ring)
HPRegen 0.26/turn    (no ring)
MPRegen 0.16/turn

%: no passive effects
@: lethally poisoned (0 -> -3)
A: iridescent scales 1
a: no special abilities


You were on level 8 of the Dungeon.
You visited 1 branch of the dungeon, and saw 6 of its levels.

You collected 203 gold pieces.


Innate Abilities, Weirdness & Mutations

You are partially covered in iridescent scales. (AC +2)


   Skills:
 - Level 2.1 Fighting
 + Level 11.7 Ranged Weapons
 - Level 1.5 Armour
 - Level 3.2 Dodging
 - Level 1.2 Stealth


You had 6 spell levels left.
You didn't know any spells.
Your spell library was empty.

Inventory:

Hand Weapons
 a - a +0 heavy shortbow (weapon)
Armour
 d - the +1 hat of the Thinker (worn) {rCorr MP+9 Str-4 Dex+4}
   (You acquired it on level 4 of the Dungeon)

   Str-4:     It affects your strength (-4).
   Dex+4:     It affects your dexterity (+4).
   MP+9:      It affects your magic capacity (+9).
   rCorr:     It protects you from acid and corrosion.
 g - a +0 ring mail (worn)
Wands
 e - a wand of charming (6)
Scrolls
 b - a scroll of immolation {unknown}

Dungeon Overview and Level Annotations

Branches:
Dungeon (5/15)
 Temple: D:4-7

Altars:
Ashenzari

Annotations:
D:5 3 runed translucent doors, qw's ghost, novice SpHu


Message History

A wight comes into view. It is wielding a +5 hand axe.
The bullfrog croaks.
3797 ||| READING 2 scrolls of teleportation.
As you read the scroll of teleportation, it crumbles to dust.
You feel strangely unstable.
You hear a shout!
A kobold comes into view. It is wielding a +1 dagger of speed.
A wight comes into view. It is wielding a +0 spear.
You hear a shout! x4
3798 ||| RETREEEEATING.
You shoot an arrow.
The arrow barely misses the orc warrior.
The arrow hits the bullfrog!
The bullfrog is severely wounded.
3800 ||| RETREEEEATING.
Your surroundings suddenly seem different.
A gnoll bouda, 2 wights, a kobold brigand and 5 kobolds come into view.
A wight is wielding a +5 long sword of freezing.
The kobold brigand is wielding a +2 whip of draining and quivering curare-tipped darts.
A kobold is wielding a +3 dagger and quivering poisoned darts.
A kobold is wielding a +0 whip and quivering poisoned darts.
Found 19 gold pieces, a scroll of identify and a potion of attraction.
The kobold shouts! x3; The gnoll bouda shouts!
A wight comes into view. It is wielding a +3 battleaxe.
The gnoll bouda barks out a call to the hunt!
You hear a shout! x2
3801 ||| READING scroll of teleportation.
As you read the scroll of teleportation, it crumbles to dust.
You feel strangely unstable.
The kobold throws a poisoned dart.
The poisoned dart hits you!
You are lethally poisoned!
The kobold barely misses you.
3802 ||| RETREEEEATING.
You feel sick. The kobold hits you but does no damage.
3803 ||| RETREEEEATING.
Found 8 gold pieces.
Your surroundings suddenly seem different.
Found a scroll of blinking and a scroll of enchant armour.
You feel sick.
3804 ||| RETREEEEATING.
Found 11 gold pieces.
You feel sick. The orc barely misses you.
You shoot an arrow. The arrow hits the orc.
The orc is lightly wounded.
You die...

.......#.#?#
#.#.
###.....z#.#.. .
# #...#......z
.#.
#......##.##...
.$.###.#...#F#
#$....$....
$.###.#...#.# #
#.....##.##....
#.o.@o....#
#......#.#.....#
#.##.#.#?#.#.###
#...### . #
..... ## ####


You could see an orc warrior, a bullfrog and an orc.

Vanquished Creatures
  Sigmund (D:4)
  Duvessa (D:5)
  Blork the orc (D:4)
  Dowan (D:5)
  5 bombardier beetles
  3 hounds
  A jelly (D:2)
  An iguana (D:5)
  An orc wizard (D:8)
  5 adders
  2 ufetubi (D:5)
  5 dart slugs
  A ribbon worm (D:2)
  3 orcs (D:3)
  6 bats
  7 endoplasms
  4 giant cockroaches
  2 goblins
  4 hobgoblins
  10 jackals
  3 quokkas
  6 ball pythons
  4 frilled lizards
  3 kobolds
  3 rats
83 creatures vanquished.

Notes
Turn   | Place    | Note
-------+----------+-------------------------------------------
     0 | D:1      | qw the Deep Elf Hunter began the quest for the Orb.
     0 | D:1      | Reached XP level 1. HP: 12/12 MP: 3/3
     0 | D:1      | 0 ||| qw: Version: 0.3-a-160-g6735b56
     0 | D:1      | 0 ||| qw: Game counter: 5497
     0 | D:1      | 0 ||| qw: Melee chars always use a shield: true
     0 | D:1      | 0 ||| qw: God list: Okawaru
     0 | D:1      | 0 ||| qw: Allow faded altars: false
     0 | D:1      | 0 ||| qw: Do Orc after clearing Dungeon:15 true
     0 | D:1      | 0 ||| qw: Do second Lair branch before Depths: true
     0 | D:1      | 0 ||| qw: Lair rune preference: random
     0 | D:1      | 0 ||| qw: Goals: Normal
     0 | D:1      | 0 ||| PLANNING D:1-11
   155 | D:1      | Found a faded altar of an unknown god.
   249 | D:1      | Reached skill level 6 in Ranged Weapons
   249 | D:1      | Reached XP level 2. HP: 16/16 MP: 4/4
   867 | D:1      | 867 ||| READING scroll labelled AGUMPE ROLIUKIP.
   968 | D:1      | 968 ||| READING scroll labelled ARGHA VEIHUIPU.
   968 | D:1      | 968 ||| BRANDING +0 shortbow.
   969 | D:1      | 969 ||| READING scroll labelled ZAUJUOSH KIGHI.
   970 | D:1      | 970 ||| READING 3 scrolls labelled LAMMI FOJAM.
   970 | D:1      | 970 ||| IDENTIFYING viscous black potion
   971 | D:1      | 971 ||| DROPPING scroll of butterflies.
   972 | D:1      | 972 ||| DROPPING potion of lignification.
  1075 | D:2      | Reached skill level 7 in Ranged Weapons
  1075 | D:2      | Reached XP level 3. HP: 20/20 MP: 5/5
  1091 | D:2      | Found a broken altar of Ashenzari.
  1317 | D:2      | Reached XP level 4. HP: 25/25 MP: 6/6
  1716 | D:2      | 1716 ||| READING 2 scrolls of identify.
  1716 | D:2      | 1716 ||| IDENTIFYING golden potion
  1717 | D:2      | 1717 ||| READING scroll of identify.
  1717 | D:2      | 1717 ||| IDENTIFYING scroll labelled DAUNKA UHISIUMM
  1718 | D:2      | 1718 ||| READING scroll labelled SAOXTU TYNUTTA.
  1718 | D:2      | 1718 ||| ENCHANTING +0 shortbow of chaos.
  1719 | D:2      | 1719 ||| READING 3 scrolls labelled OPOPAMUCA.
  1724 | D:2      | 1724 ||| DROPPING scroll of poison.
  1725 | D:2      | 1725 ||| DROPPING potion of brilliance.
  1870 | D:3      | Reached skill level 8 in Ranged Weapons
  1968 | D:3      | Reached XP level 5. HP: 29/29 MP: 7/7
  2252 | D:3      | 2252 ||| READING scroll of brand weapon.
  2252 | D:3      | 2252 ||| BRANDING +0 shortbow of chaos.
  2267 | D:3      | Reached skill level 9 in Ranged Weapons
  2618 | D:3      | 2618 ||| UPGRADING to +0 helmet.
  2623 | D:3      | 2623 ||| UPGRADING to +0 ring mail.
  2633 | D:3      | 2633 ||| DROPPING +0 leather armour.
  2634 | D:3      | 2634 ||| READING scroll of identify.
  2634 | D:3      | 2634 ||| IDENTIFYING fizzy clear potion
  2635 | D:3      | 2635 ||| READING scroll labelled COCUSS BAHARHO.
  2636 | D:3      | 2636 ||| READING scroll labelled KEIXKA MEBIFEU.
  2690 | D:3      | 2690 ||| DROPPING potion of attraction.
  2718 | D:4      | 2718 ||| STAIRDANCE
  2735 | D:4      | 2735 ||| STAIRDANCE
  2785 | D:4      | Reached XP level 6. HP: 27/35 MP: 8/8
  2906 | D:4      | Noticed Sigmund
  2914 | D:4      | 2914 ||| DRINKING fuming ruby potion.
  2914 | D:4      | Gained mutation: You are partially covered in iridescent
                  | scales. (AC +2) [potion of mutation]
  2915 | D:4      | 2915 ||| DRINKING viscous purple potion.
  2921 | D:4      | Killed Sigmund
  2922 | D:4      | Reached skill level 10 in Ranged Weapons
  3055 | D:4      | Noticed Blork the orc
  3058 | D:4      | Killed Blork the orc
  3059 | D:4      | Reached skill level 1 in Armour
  3070 | D:4      | Reached skill level 3 in Dodging
  3070 | D:4      | Reached XP level 7. HP: 40/40 MP: 9/9
  3299 | D:4      | 3299 ||| READING scroll of identify.
  3299 | D:4      | 3299 ||| IDENTIFYING scroll labelled YMU OXYD CIU
  3300 | D:4      | 3300 ||| READING scroll labelled YKAURE CUACI.
  3300 | D:4      | Identified a scroll of acquirement
  3300 | D:4      | 3300 ||| ACQUIRING +1 hat of the Thinker {rCorr MP+9 Str-4
                  | Dex+4}
  3300 | D:4      | Acquired the +1 hat of the Thinker {rCorr MP+9 Str-4 Dex+4}
  3302 | D:4      | 3302 ||| UPGRADING to +1 hat of the Thinker {rCorr MP+9
                  | Str-4 Dex+4}.
  3312 | D:4      | 3312 ||| DROPPING +0 helmet.
  3369 | D:4      | 3369 ||| DROPPING scroll of blinking.
  3390 | D:5      | Entered Level 5 of the Dungeon
  3446 | D:5      | Found a runed translucent gate.
  3446 | D:5      | Found a runed translucent gate.
  3446 | D:5      | Found a runed translucent gate.
  3447 | D:5      | Noticed qw's ghost (novice SpHu)
  3687 | D:5      | Noticed Dowan
  3688 | D:5      | 3688 ||| FLEEEEING.
  3689 | D:5      | 3689 ||| FLEEEEING.
  3690 | D:5      | 3690 ||| FLEEEEING.
  3694 | D:5      | Killed Dowan
  3695 | D:5      | Reached skill level 11 in Ranged Weapons
  3704 | D:5      | Noticed Duvessa
  3705 | D:5      | 3705 ||| RETREEEEATING.
  3706 | D:5      | 3706 ||| RETREEEEATING.
  3707 | D:5      | 3707 ||| RETREEEEATING.
  3709 | D:5      | 3709 ||| RETREEEEATING.
  3715 | D:5      | Killed Duvessa
  3774 | D:5      | You fall into a shaft and drop 3 floors!
  3793 | D:8      | HP: 7/40 [orc warrior/+0 halberd (4)]
  3794 | D:8      | 3794 ||| READING 3 scrolls of teleportation.
  3795 | D:8      | HP: 3/40 [orc priest/+1 antimagic flail (2)]
  3797 | D:8      | 3797 ||| READING 2 scrolls of teleportation.
  3798 | D:8      | 3798 ||| RETREEEEATING.
  3800 | D:8      | 3800 ||| RETREEEEATING.
  3801 | D:8      | 3801 ||| READING scroll of teleportation.
  3802 | D:8      | 3802 ||| RETREEEEATING.
  3802 | D:8      | HP: 3/40 [poisoned by a kobold]
  3803 | D:8      | 3803 ||| RETREEEEATING.
  3804 | D:8      | 3804 ||| RETREEEEATING.
  3805 | D:8      | Succumbed to a kobold's poison

Levels and vault maps discovered:
D:1:      saegor_arrival_simple_a, layout_loops_corners,
          dreamdust_ecumenical_altar_hidden_monk_grotto
D:2:      layout_basic, serial_glass, glass_columns_c, glass_columns_a,
          glass_columns_a, basic_altar
D:3:      layout_loops_corners
D:4:      layout_cave_pools, uniq_sigmund, uniq_blork_the_orc
D:5:      layout_gridville, gammafunk_ghost_nasty_kobolds, nicolae_titane,
          uniq_duvessa
D:8:      layout_rooms, grunt_temple_overflow_open, bloody_makhleb,
          minmay_fractal_squares_5, uniq_psyche

Skill      XL: |  1  2  3  4  5  6  7 |
---------------+----------------------+-----
Ranged Weapons | 6 7 8 9 10 11 | 11.7
Fighting       | 2 |  2.1
Armour         | 1 |  1.5
Dodging        | 3 |  3.2
Stealth        | |  1.2

Action                     |  1- 3 |  4- 6 |  7- 9 || total
---------------------------+-------+-------+-------++-------
   Fire: Shortbow          |    60 |   132 |    47 ||   239
    Use: Scroll            |     4 |     8 |     5 ||    17
         Potion            |       |     2 |       ||     2
 Armour: Leather armour    |    10 |     8 |       ||    18
         Ring mail         |       |    32 |    30 ||    62
  Dodge: Dodged            |    13 |    36 |    23 ||    72

Table legend:
 A = Non-vault XP
 B = Vault XP
 C = Vault XP percentage of total XP
 D = Non-vault monster count
 E = Vault monster count
 F = Vault count percentage of total count
                 A         B        C        D         E       F
            +---------+---------+-------+---------+---------+-------
      Total |     684 |     532 |  43.8 |      79 |       4 |   4.8
            +---------+---------+-------+---------+---------+-------
        D:1 |      30 |       0 |   0.0 |      17 |       0 |   0.0
        D:2 |      91 |       0 |   0.0 |      15 |       0 |   0.0
        D:3 |     222 |       0 |   0.0 |      26 |       0 |   0.0
        D:4 |     117 |     314 |  72.9 |      13 |       2 |  13.3
        D:5 |     189 |     218 |  53.6 |       7 |       2 |  22.2
        D:8 |      35 |       0 |   0.0 |       1 |       0 |   0.0
            +---------+---------+-------+---------+---------+-------
